 Dungeon Crawl Stone Soup version 0.20-a0-1006-ge6c5631 (webtiles) character file.

657 Monsterracer the Cudgeler (level 7, 0/71 HPs)
             Began as an Ogre Hunter on Apr 13, 2017.
             Slain by a killer bee (4 damage)
             ... on level 5 of the Dungeon.
             The game lasted 00:17:43 (6214 turns).

Monsterracer the Cudgeler (Ogre Hunter)             Turns: 6214, Time: 00:17:43

Health: 0/71       AC:  4    Str: 19    XL:     7   Next: 55%
Magic:  7/7        EV: 10    Int: 12    God:
Gold:   185        SH:  0    Dex:  9    Spells: 4/6 levels left

rFire    + . .     SeeInvis .   a - +0 mace
rCold    . . .     Gourm    .   (no shield)
rNeg     . . .     Faith    .   b - +0 robe
rPois    .         Spirit   .   (helmet restricted)
rElec    .         Reflect  .   p - +0 cloak
rCorr    +         Harm     .   (gloves unavailable)
MR       .....                  (boots unavailable)
Stlth    +.........             (no amulet)
Regen    0.3/turn               g - ring of resist corrosion
MPRegen  0.1/turn               n - ring of protection from fire

@: lethally poisoned (0 -> -2)
A: unfitting armour, tough skin 1
a: no special abilities


You were on level 5 of the Dungeon.
You were not hungry.

You visited 1 branch of the dungeon, and saw 5 of its levels.

You collected 185 gold pieces.

Inventory:

Hand Weapons
 a - a +0 mace (weapon)
Missiles
 c - 3 large rocks
 q - a javelin (quivered)
 u - 2 throwing nets
Armour
 b - a +0 robe (worn)
 p - a +0 cloak (worn)
Jewellery
 g - a ring of resist corrosion (left hand)
 n - a ring of protection from fire (right hand)
Wands
 t - a wand of clouds (8/9)
Scrolls
 d - 2 scrolls of enchant weapon {unknown}
 e - 4 scrolls of magic mapping
 h - 4 scrolls of remove curse {unknown}
 m - 3 scrolls of identify
Potions
 l - a potion of haste
Books
 j - a book of Callings

   Spells                             Type                      Level
   a - Summon Small Mammal            Summoning                    1
   b - Call Imp                       Summoning                    2
   c - Call Canine Familiar           Summoning                    3
   d - Summon Guardian Golem          Hexes/Summoning              3
   e - Summon Lightning Spire         Summoning/Air                4
   f - Summon Ice Beast               Ice/Summoning                4
 k - a book of Minor Magic

   Spells                             Type                      Level
   a - Magic Dart                     Conjuration                  1
   b - Blink                          Translocation                2
   c - Call Imp                       Summoning                    2
   d - Slow                           Hexes                        2
   e - Conjure Flame                  Conjuration/Fire             3
   f - Mephitic Cloud                 Conjuration/Poison/Air       3
Comestibles
 f - 4 bread rations


   Skills:
 + Level 4.9 Fighting
 * Level 5.5 Maces & Flails
 + Level 5.3 Throwing
 - Level 2.0 Dodging
 - Level 1.0 Stealth


You had 4 spell levels left.
You knew the following spells:

 Your Spells              Type           Power        Failure   Level  Hunger
a - Blink                 Tloc           N/A          52%         2    ###....


Dungeon Overview and Level Annotations

Branches:
Dungeon (5/15)
 Temple: D:4-7

Altars:
Sif Muna


Innate Abilities, Weirdness & Mutations

You are too large for most types of armour.
You have tough skin. (AC +1)


Message History

The killer bee is almost dead.
The killer bee barely misses you. The killer bee closely misses you.
You miss the killer bee.
The killer bee is almost dead.
You feel sick. The killer bee stings you!
* * * LOW HITPOINT WARNING * * *
The killer bee closely misses you.
You barely miss the killer bee.
The killer bee is almost dead.
The killer bee stings you but does no damage.
The killer bee stings you.
* * * LOW HITPOINT WARNING * * *
The killer bee closely misses you.
You miss the killer bee.
The killer bee is almost dead.
You feel sick. The killer bee misses you. The killer bee barely misses you.
You hit the killer bee.
The killer bee is almost dead.
The killer bee stings you.
You die...

#..........
##..#...#...
............
##..#...#...
#...........
##..########
####
#..........
..#
##.#####.##
#y# #.# #@#
##'## #.#
##...## #.#
#.....## #.#
.......# #.#
........#
..#
........+
...
........#
###
.......##


You could see a killer bee.

Vanquished Creatures
  The ghost of anet the Conjurer, a novice DEWz (D:4)
  A killer bee (D:5)
  A vampire bat (D:4)
  A crimson imp (D:4)
  A hound (D:4)
  Crazy Yiuf (D:2)
  A centaur skeleton (D:4)
  An iguana (D:4)
  An orc wizard (D:2)
  A hound zombie (D:5)
  A hound skeleton (D:4)
  Robin (D:3)
  3 adders
  3 worms
  2 dart slugs
  8 leopard geckos
  3 orcs (D:3)
  4 giant cockroaches
  17 goblins
  4 hobgoblins
  4 jackals (D:1)
  5 kobolds
  5 quokkas
  A ball python skeleton (D:4)
  10 bats
  4 frilled lizards
  12 rats
97 creatures vanquished.

Notes
Turn   | Place    | Note
-------+----------+-------------------------------------------
     0 | D:1      | Monsterracer the Ogre Hunter began the quest for the Orb.
     0 | D:1      | Reached XP level 1. HP: 22/22 MP: 1/1
   137 | D:1      | Reached skill level 1 in Stealth
   229 | D:1      | Reached XP level 2. HP: 31/31 MP: 2/2
   413 | D:1      | Reached skill level 1 in Maces & Flails
   794 | D:1      | Reached XP level 3. HP: 37/37 MP: 3/3
   966 | D:2      | Found a runed door.
  1137 | D:2      | Found a deep blue altar of Sif Muna.
  1397 | D:2      | Noticed Crazy Yiuf
  1404 | D:2      | Killed Crazy Yiuf
  1404 | D:2      | Reached XP level 4. HP: 19/45 MP: 4/4
  2337 | D:3      | Learned a level 2 spell: Blink
  2667 | D:2      | HP: 2/45 [hobgoblin[Robin] (2)]
  2671 | D:2      | Reached XP level 5. HP: 23/53 MP: 5/5
  2998 | D:3      | Noticed Robin
  3082 | D:3      | Killed Robin
  3358 | D:3      | Learned a level 2 spell: Blink
  4107 | D:4      | Noticed anet's ghost (novice DEWz)
  4117 | D:4      | Killed anet's ghost
  4117 | D:4      | Reached XP level 6. HP: 59/62 MP: 6/6
  4605 | D:4      | Reached skill level 5 in Throwing
  4605 | D:4      | Reached XP level 7. HP: 51/71 MP: 7/7
  4954 | D:4      | Reached skill level 5 in Maces & Flails
  5910 | D:5      | Entered Level 5 of the Dungeon
  6214 | D:5      | Slain by a killer bee

Vault maps used:
D:1:      dpeg_arrival_tiny_j
D:2:      nicolae_overflow_crystal_walls, uniq_crazy_yiuf_cottage
D:3:      first_bread, uniq_robin
D:4:      corexii_leaking_fountain, roderic_batcave
D:5:      lemuel_coloured_pillars_altar

Skill      XL: |  1  2  3  4  5  6  7 |
---------------+----------------------+-----
Fighting       | 3 4 |  4.9
Stealth        | 1 |  1.0
Maces & Flails | 1 2 3 4 5 |  5.5
Dodging        | 2 |  2.0
Throwing       | 5 |  5.3

Action                   |  1- 3 |  4- 6 |  7- 9 || total
-------------------------+-------+-------+-------++-------
Melee: Unarmed           |     7 |       |       ||     7
       Mace              |    19 |   148 |   156 ||   323
Throw: Large rock        |    17 |    19 |     1 ||    37
       Throwing net      |     2 |       |       ||     2
       Javelin           |    37 |    27 |     5 ||    69
  Use: Potion            |     5 |     4 |     2 ||    11
       Scroll            |       |     9 |     2 ||    11
 Stab: Held in net/web   |     1 |       |       ||     1
       Sleeping          |       |     2 |     1 ||     3
  Eat: Chunk             |     1 |    10 |     3 ||    14
       Fruit             |       |     1 |       ||     1
       Meat ration       |       |       |     1 ||     1
Armor: Robe              |    21 |    67 |    70 ||   158
Dodge: Dodged            |    30 |   124 |   111 ||   265
